 Dungeon Crawl Stone Soup version 0.20.1-1-g8b1a95d (webtiles) character file.

130 myopia the Poker (level 4, 0/33 HPs)
             Began as a Demonspawn Gladiator on Jan 1, 2018.
             Slain by Natasha (8 damage)
             ... on level 2 of the Dungeon.
             The game lasted 00:05:45 (1378 turns).

myopia the Poker (Demonspawn Gladiator)             Turns: 1378, Time: 00:05:46

Health: 0/33       AC:  4    Str: 14    XL:     4   Next: 90%
Magic:  4/4        EV: 12    Int: 10    God:
Gold:   55         SH:  4    Dex: 15    Spells: 3/3 levels left

rFire    . . .     SeeInvis .   i - +3 spear (venom)
rCold    . . .     Gourm    .   (no shield)
rNeg     . . .     Faith    .   b - +0 leather armour
rPois    .         Spirit   .   c - +0 helmet
rElec    .         Reflect  .   (no cloak)
rCorr    .         Harm     .   (no gloves)
MR       .....                  (no boots)
Stlth    +.........             g - amulet of rage
Regen    0.2/turn               j - ring of wizardry
MPRegen  0.1/turn               (no ring)

@: no status effects
A: large bone plates 1
a: Evoke Berserk Rage


You were on level 2 of the Dungeon.
You were not hungry.

You visited 1 branch of the dungeon, and saw 2 of its levels.

You collected 55 gold pieces.

Inventory:

Hand Weapons
 a - a +0 flail
 i - a +3 spear of venom (weapon)
Missiles
 d - 3 throwing nets (quivered)
Armour
 b - a +0 leather armour (worn)
 c - a +0 helmet (worn)
Jewellery
 g - an amulet of rage (around neck)
 j - a ring of wizardry (left hand)
Scrolls
 e - a scroll of random uselessness {unknown}
 h - a scroll of identify {unknown}
 k - a scroll of noise {unknown}
Potions
 m - a potion of curing {unknown}
Comestibles
 f - 2 bread rations
 l - 2 chunks of flesh


   Skills:
 - Level 2.0 Fighting
 - Level 3.1 Maces & Flails
 + Level 3.8 Polearms
 - Level 1.7 Throwing
 - Level 2.6 Dodging


You had 3 spell levels left.
You didn't know any spells.

Dungeon Overview and Level Annotations

Branches:
Dungeon (2/15)

Altars:

Annotations:
D:2 Natasha


Innate Abilities, Weirdness & Mutations

You are partially covered in large bone plates. (SH +4)


Message History

A rat comes into view.
There is an open door here.
Some of the chunks of flesh in your inventory have rotted away.
You closely miss the rat. The rat closely misses you.
Natasha, Servant of Life and Death comes into view.
Natasha hisses angrily.
You hit the rat.
The rat is poisoned.
The rat is severely wounded.
You kill the rat!
Natasha claws you.
You barely miss Natasha.
Natasha mumbles some strange words.
You hit Natasha.
Natasha is heavily wounded.
Natasha claws you.
* * * LOW HITPOINT WARNING * * *
You hit Natasha.
Natasha is poisoned.
Natasha is heavily wounded.
Natasha claws you!
You die...

####### ...... . #...#
#.# #...#####'####
####.######...##........
.....5h@..'...''........
####.######...##........
######...##........
#....'...''........
#.####...##........
######........ #........
#........ #........


You could see Natasha and a white imp.

Vanquished Creatures
  Natasha (twice) (D:2)
  3 adders (D:2)
  A worm (D:2)
  A dart slug (D:1)
  A leopard gecko (D:2)
  A ball python (D:1)
  7 bats
  2 giant cockroaches
  5 goblins
  6 hobgoblins
  4 jackals (D:2)
  4 frilled lizards (D:1)
  4 kobolds
  5 rats
46 creatures vanquished.

Notes
Turn   | Place    | Note
-------+----------+-------------------------------------------
     0 | D:1      | myopia the Demonspawn Gladiator began the quest for the Orb.
     0 | D:1      | Reached XP level 1. HP: 16/16 MP: 1/1
   177 | D:1      | Gained mutation: You are partially covered in large bone plates. (SH +4) [demonic ancestry]
   177 | D:1      | Reached XP level 2. HP: 20/22 MP: 2/2
   255 | D:1      | Reached skill level 1 in Polearms
   502 | D:1      | Reached XP level 3. HP: 26/27 MP: 3/3
   715 | D:2      | Noticed Natasha
   723 | D:2      | Killed Natasha
   782 | D:2      | Reached XP level 4. HP: 14/33 MP: 4/4
  1160 | D:2      | Noticed Natasha
  1180 | D:2      | Killed Natasha
  1373 | D:2      | Noticed Natasha
  1378 | D:2      | Slain by Natasha

Skill      XL: |  1  2  3  4 |
---------------+-------------+-----
Maces & Flails | 3 |  3.1
Polearms       | 1 2 3 |  3.8
Fighting       | |  2.0
Throwing       | |  1.7
Dodging        | |  2.6

Action                   |  1- 3 |  4- 6 || total
-------------------------+-------+-------++-------
Melee: Flail             |    20 |       ||    20
       Spear             |    62 |    57 ||   119
  Use: Potion            |       |     2 ||     2
  Eat: Chunk             |       |     2 ||     2
Armor: Leather armour    |    17 |    10 ||    27
Dodge: Dodged            |    54 |    33 ||    87
Block: Other             |    11 |     9 ||    20
